 Dungeon Crawl Stone Soup version 0.19-a0-1067-g0b1d89b (webtiles) character file.

3404 Ihatecarrots00 the Protected (level 9, -9/81 HPs)
             Began as a Minotaur Berserker on July 28, 2016.
             Was an Elder of Trog.
             Mangled by Gastronok (20 damage)
             ... on level 8 of the Dungeon on Aug 4, 2016.
             The game lasted 00:38:13 (8339 turns).

Ihatecarrots00 the Protected (Minotaur Berserker)   Turns: 8339, Time: 00:38:13

Health: -9/81      AC: 10    Str: 24    XL:     9   Next: 75%
Magic:  8/8        EV: 11    Int:  5    God:    Trog [****..]
Gold:   364        SH: 12    Dex: 10    Spells: 0 memorised, 8 levels left

rFire  . . .     SeeInvis .     l - +1 hand axe (venom)
rCold  . . .     Gourm    .     x - +2 scale mail {MR+}
rNeg   . . .     Faith    .     h - +1 shield
rPois  .         Spirit   .     (helmet restricted)
rElec  .         Dismiss  .     (no cloak)
rCorr  .         Reflect  .     (no gloves)
SustAt .         Harm     .     (no boots)
MR     +....                    (no amulet)
Stlth  ..........               (no ring)
                                (no ring)

@: slowed, very slow
A: retaliatory headbutt, horns 2
a: Berserk, Trog's Hand, Brothers in Arms, Burn Spellbooks, Renounce Religion


You were on level 8 of the Dungeon.
You worshipped Trog.
Trog was greatly pleased with you.
You were not hungry.

You visited 1 branch of the dungeon, and saw 8 of its levels.

You collected 364 gold pieces.

Inventory:

Hand Weapons
 a - a +1 falchion
 c - a +0 long sword
 l - a +1 hand axe of venom (weapon)
 D - the +2 spear of Xoentuc {pain, +Rage rPois Int+3}
   (You found it on level 6 of the Dungeon)

   In the hands of one skilled in necromantic magic, it inflicts extra damage on
   living creatures.
   It affects your intelligence (+3).
   It protects you from poison.
   It lets you go berserk.
 G - a +0 hand axe of chopping
 J - a +2 mace of holy wrath
Armour
 b - a +0 animal skin
 d - a +0 chain mail
 h - a +1 shield (worn)
 j - a +0 scale mail
 v - a +1 helmet
 x - a +2 scale mail of magic resistance (worn)
Jewellery
 s - a -2 ring of intelligence
 E - an uncursed ring of poison resistance {unknown}
Wands
 p - a wand of flame (26/48)
 B - a wand of polymorph (12/24)
 M - a wand of heal wounds (4/9)
Scrolls
 e - 5 scrolls of remove curse
 t - a scroll of fear {unknown}
 u - a scroll of amnesia
 w - 2 scrolls of teleportation
 y - 2 scrolls of random uselessness
 C - a scroll of immolation {unknown}
 I - a scroll of enchant armour
 L - a scroll of identify
Potions
 f - a potion of invisibility {unknown}
 k - 3 potions of curing {unknown}
 m - 4 potions of flight {unknown}
 n - 4 potions of heal wounds {unknown}
 o - a potion of might {unknown}
 r - a potion of degeneration {unknown}
 z - a potion of resistance {unknown}
 A - 2 potions of agility {unknown}
Books
 H - a book of Unlife

   Spells                             Type                      Level
   a - Recall                         Summoning/Translocation      3
   b - Animate Dead                   Necromancy                   4
   c - Control Undead                 Necromancy                   4
   d - Cigotuvi's Embrace             Necromancy                   5
   e - Death Channel                  Necromancy                   6
   f - Simulacrum                     Ice/Necromancy               6
   Trog disapproves of the use of such an item.
Comestibles
 g - 2 meat rations
 i - 2 beef jerkies
 q - 4 bread rations
 F - a slice of pizza
 K - 2 fruits


   Skills:
 + Level 7.8 Fighting
 + Level 5.3 Long Blades
 + Level 5.3 Axes
 + Level 0.2(3.2) Polearms
 + Level 8.5 Armour
 + Level 6.6 Dodging
 + Level 1.0 Stealth
 + Level 7.9 Shields


You had 8 spell levels left.
You didn't know any spells.

Dungeon Overview and Level Annotations

Branches:
Dungeon (8/15)             Temple (0/1) D:4
   Lair: D:8-11

Altars:
Cheibriados
Dithmenos
Gozag
Sif Muna
Uskayaw
The Shining One

Annotations:
D:8 Gastronok


Innate Abilities, Weirdness & Mutations

You reflexively headbutt those who attack you in melee.
You have a pair of horns on your head.


Message History

You headbutt Gastronok.
Gastronok is moderately wounded.
You slash Gastronok!
Gastronok looks as sick as possible!
Gastronok is heavily wounded.
Gastronok looks at you and mumbles some strange words.
You feel yourself slow down.
You hit Gastronok.
Gastronok looks as sick as possible!
You headbutt Gastronok.
Gastronok is heavily wounded.
Unknown command.
You hit Gastronok. You headbutt Gastronok.
Gastronok is heavily wounded.
You block Gastronok's attack.
You slash Gastronok!
Gastronok looks as sick as possible!
Gastronok is heavily wounded.
Gastronok bites you!
* * * LOW HITPOINT WARNING * * *
You hit Gastronok.
Gastronok is severely wounded.
Gastronok bites you!!
You die...

.. ##... .####...
....#... .# ......
...##....
.......#########..
#.#.............
#.#....<......#
#....?.....@..#
..#..#.....w..#
..(...........#
............$....
#...#.........###
....##..........
... #........#.#
.# #......<....


You could see Gastronok.

Vanquished Creatures
  Pikel (D:7)
  A hippogriff (D:7)
  A hungry ghost (D:5)
  The ghost of wearedevo the Spear-Bearer, an amateur MfSk (D:3)
  3 ice beasts
  3 orc warriors (D:7)
  3 sky beasts
  A phantom (D:6)
  2 slaves (D:7)
  3 ogres
  3 centaurs
  2 big kobolds
  2 giant frogs
  A howler monkey (D:7)
  2 crimson imps (D:6)
  A giant frog zombie (D:6)
  2 hounds
  5 orc priests
  A giant frog skeleton (D:6)
  5 orc wizards
  2 iguanas
  A worker ant (D:4)
  A hound skeleton (D:6)
  7 gnolls
  7 adders
  A shadow imp (D:6)
  An ooze (D:2)
  2 adder skeletons (D:7)
  2 dart slugs (D:3)
  3 worms
  9 giant geckos
  23 orcs
  9 giant cockroaches
  6 goblins
  8 hobgoblins
  4 jackals (D:5)
  14 kobolds
  2 quokkas
  3 ball pythons (D:3)
  9 bats
  2 giant gecko skeletons
  10 giant newts
  A quokka skeleton (D:7)
  11 rats
  14 bushes (D:6)
  13 plants (D:6)
208 creatures vanquished.

Notes
Turn   | Place    | Note
-------+----------+-------------------------------------------
     0 | D:1      | Ihatecarrots00 the Minotaur Berserker began the quest for the Orb.
     0 | D:1      | Reached XP level 1. HP: 19/19 MP: 0/0
     5 | D:1      | Upgraded the game from 0.19-a0-1032-g6b228a8 to 0.19-a0-1058-g5566a1a
   157 | D:1      | Reached XP level 2. HP: 27/27 MP: 1/1
   701 | D:2      | Reached XP level 3. HP: 33/33 MP: 2/2
   801 | D:2      | Found a hide-covered altar of Uskayaw.
   815 | D:2      | Found a shadowy altar of Dithmenos.
   883 | D:2      | Reached ** piety under Trog
   951 | D:2      | Found an opulent altar of Gozag.
  1173 | D:2      | Found a glowing golden altar of the Shining One.
  1267 | D:2      | Reached skill level 1 in Shields
  1429 | D:2      | Noticed a sky beast
  1450 | D:2      | Killed a sky beast
  1450 | D:2      | Reached skill level 3 in Armour
  1450 | D:2      | Reached XP level 4. HP: 15/41 MP: 3/3
  1450 | D:2      | Reached XP level 5. HP: 17/47 MP: 4/4
  2062 | D:3      | Noticed wearedevo's ghost (amateur MfSk)
  2077 | D:3      | Killed wearedevo's ghost
  2077 | D:3      | Reached skill level 4 in Armour
  2077 | D:3      | Reached XP level 6. HP: 19/55 MP: 5/5
  2078 | D:3      | Upgraded the game from 0.19-a0-1058-g5566a1a to 0.19-a0-1067-g0b1d89b
  2115 | D:3      | Noticed a sky beast
  2122 | D:3      | HP: 2/55 [something (5)]
  2125 | D:3      | Killed a sky beast
  2125 | D:3      | Reached skill level 5 in Fighting
  2125 | D:3      | Reached skill level 5 in Long Blades
  2587 | D:3      | Found a snail-covered altar of Cheibriados.
  2688 | D:3      | Reached *** piety under Trog
  2885 | D:3      | Found a deep blue altar of Sif Muna.
  3304 | D:4      | Found a staircase to the Ecumenical Temple.
  3647 | D:4      | Reached skill level 5 in Armour
  3661 | D:4      | Reached XP level 7. HP: 5/61 MP: 6/6
  4292 | D:5      | Entered Level 5 of the Dungeon
  4495 | D:5      | Noticed a hungry ghost
  4518 | D:5      | Killed a hungry ghost
  4518 | D:5      | Reached skill level 6 in Armour
  4671 | D:5      | Reached skill level 1 in Axes
  4671 | D:5      | Reached skill level 5 in Shields
  4671 | D:5      | Reached XP level 8. HP: 64/70 MP: 7/7
  4914 | D:6      | Got an ancient spear
  4915 | D:6      | Identified the +2 spear of Xoentuc {pain, +Rage rPois Int+3} (You found it on level 6 of the Dungeon)
  5073 | D:6      | Reached **** piety under Trog
  5200 | D:6      | Reached skill level 7 in Armour
  5277 | D:6      | Reached skill level 5 in Dodging
  6848 | D:7      | Reached XP level 9. HP: 79/79 MP: 8/8
  6856 | D:7      | Noticed Pikel
  6869 | D:7      | Killed Pikel
  6869 | D:7      | Reached skill level 1 in Stealth
  7004 | D:7      | Reached skill level 8 in Armour
  7300 | D:7      | Reached skill level 5 in Axes
  8323 | D:8      | Noticed Gastronok
  8339 | D:8      | Mangled by Gastronok

Vault maps used:
D:1:      saegor_arrival_simple_b
D:2:      minmay_diamond_boxcup, nicolae_overflow_quartered_altars,
          supply_closet_lemuel
D:3:      kennysheep_slug_shrine, led_sif_pool, first_bread
D:4:      roderic_lattice_a
D:5:      corexii_checkpoint_a
D:6:      lexackson_kobold_supper
D:7:      uniq_pikel
D:8:      dpeg_oklobed_lair, grunt_pizzeria, lightli_minifort, uniq_gastronok

Skill      XL: |  1  2  3  4  5  6  7  8  9 |
---------------+----------------------------+-----
Fighting       | 4 5 6 7 |  7.8
Long Blades    | 4 5 |  5.3
Shields        | 2 3 5 6 7 |  7.9
Armour         | 3 4 5 6 7 8 |  8.5
Dodging        | 3 4 5 6 |  6.6
Axes           | 1 3 5 |  5.3
Stealth        | 1 |  1.0
Polearms       | |  0.2

Action                   |  1- 3 |  4- 6 |  7- 9 || total
-------------------------+-------+-------+-------++-------
Melee: Falchion          |   132 |   131 |    22 ||   285
       Headbutt          |    15 |    14 |   175 ||   204
       Hand axe          |       |       |   570 ||   570
       Spear             |       |       |    17 ||    17
Evoke: Wand              |       |       |     1 ||     1
  Use: Scroll            |     1 |    11 |     1 ||    13
  Eat: Bread ration      |     2 |       |       ||     2
       Meat ration       |       |       |     4 ||     4
       Pizza             |       |       |     1 ||     1
Armor: Chain mail        |    81 |    47 |       ||   128
       Scale mail        |       |     3 |   135 ||   138
Dodge: Dodged            |    48 |    30 |   112 ||   190
Block: Shield            |    41 |    72 |   239 ||   352
